 Dungeon Crawl Stone Soup version 0.30-a0-34-gbe8da3892a (webtiles) character file.

Game seed: 17333662804798970657

16826 pokeman the Eclecticist (level 12, -42/66 HPs)
             Began as a Deep Elf Hedge Wizard on Aug 27, 2022.
             Was a Priest of Vehumet.
             Killed from afar by a frost giant (47 damage)
             ... with a bolt of cold
             ... in an ice cave.
             The game lasted 00:43:04 (15109 turns).

pokeman the Eclecticist (Deep Elf Hedge Wizard)    Turns: 15109, Time: 00:43:05

Health: -42/66     AC:  7    Str:  7    XL:     12   Next: 13%
Magic:  32/34      EV: 12    Int: 31    God:    Vehumet [***...]
Gold:   552        SH:  0    Dex: 14    Spells: 32/44 levels left

rFire   . . .      SeeInvis +    h - staff of conjuration
rCold   . . .      Faith    .    (no shield)
rNeg    . . .      Spirit   .    K - +1 leather armour "Lunoita" {SInv}
rPois   +          Reflect  .    s - +0 helmet
rElec   .          Harm     .    F - +1 cloak {Stlth+}
rCorr   .          Rampage  .    (no gloves)
Will    +....                    (no boots)
Stlth   +++.......               t - amulet of magic regeneration
HPRegen 0.21/turn                P - ring of poison resistance
MPRegen 0.64/turn                D - +6 ring of intelligence

@: about to teleport, studying Transmutations
A: no striking features
a: Renounce Religion


You were in an ice cave.
You worshipped Vehumet.
Vehumet was most pleased with you.
You visited 3 branches of the dungeon, and saw 13 of its levels.
You also visited: Ossuary and Ice Cave.

You collected 629 gold pieces.
You spent 77 gold pieces at shops.

Inventory:

Hand Weapons
 A - a +0 rapier of venom
 M - a +1 shortbow of flaming
 S - a +2 dagger of chaos
Armour
 f - a scarf of resistance
 s - a +0 helmet (worn)
 F - a +1 cloak of stealth (worn)
 J - +0 swamp dragon scales
 K - the +1 leather armour "Lunoita" (worn) {SInv}
   (You found it on level 9 of the Dungeon)

   SInv:      It lets you see invisible.
 L - +0 steam dragon scales
 R - a +0 buckler
Magical Staves
 h - a staff of conjuration (weapon)
 I - a staff of air
Jewellery
 j - a +6 ring of dexterity
 n - a ring of protection from fire
 t - an amulet of magic regeneration (around neck)
 D - a +6 ring of intelligence (right hand)
 N - an amulet of the acrobat
 P - a ring of poison resistance (left hand)
Wands
 v - a wand of charming (13)
 E - a wand of mindburst (16)
 T - a wand of flame (6)
 V - a wand of iceblast (7)
Scrolls
 a - a scroll of torment
 g - 2 scrolls of silence
 k - 2 scrolls of magic mapping
 m - 5 scrolls of enchant armour
 o - 2 scrolls of amnesia {unknown}
 p - 4 scrolls of fear {unknown}
 q - 3 scrolls of teleportation
 r - 2 scrolls of brand weapon {unknown}
 y - 2 scrolls of vulnerability {unknown}
 B - 3 scrolls of blinking {unknown}
 C - a scroll of fog {unknown}
 G - 2 scrolls of immolation {unknown}
 Q - a scroll of enchant weapon {unknown}
 U - a scroll of poison {unknown}
Potions
 b - a potion of lignification
 c - 2 potions of heal wounds
 d - 2 potions of magic
 e - 2 potions of brilliance
 i - 5 potions of berserk rage
 l - 5 potions of curing
 u - 3 potions of mutation
 w - 3 potions of haste
 x - 3 potions of might
 z - 2 potions of attraction
 H - 2 potions of flight {unknown}
 O - a potion of degeneration {unknown}
 W - a potion of cancellation {unknown}


   Skills:
 - Level 4.0 Fighting
 - Level 4.0 Armour
 - Level 3.0 Dodging
 - Level 4.0 Stealth
 + Level 3.6 Shields
 * Level 16.7 Spellcasting
 + Level 9.9 Conjurations
 - Level 1.1 Summonings
 - Level 1.1 Translocations
 - Level 1.0 Transmutations
 + Level 9.4 Fire Magic
 - Level 1.0 Air Magic
 - Level 1.1 Poison Magic
 - Level 1.0 Evocations


You had 32 spell levels left.
You knew the following spells:

 Your Spells              Type           Power      Damage    Failure   Level
a - Magic Dart            Conj           100%       1d8       1%          1
b - Mephitic Cloud        Conj/Pois/Air  66%        N/A       1%          3
c - Call Imp              Summ           32%        N/A       2%          2
d - Blink                 Tloc           64%        N/A       2%          2
e - Conjure Flame         Conj/Fire      91%        6-21      1%          3
f - Foxfire               Conj/Fire      100%       2x1d9     1%          1

Your spell library contained the following spells:

 Spells                   Type           Power      Damage    Failure   Level
 Inner Flame              Hex/Fire       53%        N/A       1%          3
 Fulminant Prism          Conj/Hex       35%        3d18      1%          4
 Iskenderun's Mystic Bla  Conj/Tloc      74%        2d15      1%          4
 Irradiate                Conj/Tmut      37%        3d24      1%          5
 Slow                     Hex            100%       N/A       2%          1
 Sublimation of Blood     Necr           25%        N/A       3%          2
 Confusing Touch          Hex            25%        N/A       7%          3
 Yara's Violent Unravell  Hex/Tmut       14%        3d7       14%         5
 Lee's Rapid Deconstruct  Erth           12%        3d10*     17%         5
 Petrify                  Tmut/Erth      29%        N/A       19%         4
 Anguish                  Hex/Necr       12%        N/A       24%         4
 Enfeeble                 Hex            12%        N/A       100%        7


Dungeon Overview and Level Annotations

Branches:
Dungeon (11/15)            Temple (1/1) D:5            Lair (1/5) D:9
    Orc (0/2) D:11        Ossuary (visited)           IceCv (1/1)

Altars:
Ashenzari
Cheibriados
Dithmenos
Elyvilon
Gozag
Hepliaklqana
Kikubaaqudgha
Makhleb
Nemelex Xobeh
Okawaru
Ru
Trog
Uskayaw
Vehumet
Wu Jian
Xom
Yredelemnul
Zin

Shops:
D:5 ?   D:8 ?

Annotations:
D:5 3 runed translucent doors, HypermagicGuardian's ghost, novice MiAK
D:7 2 transporters, Juicyj's ghost, novice GnEn


Message History

Ouch! That really hurt!
Casting: Mephitic Cloud (safe; 1% risk of failure)
Confirm with . or Enter, or press ? or * to list all spells.
Aiming: Mephitic Cloud (safe; 1% risk of failure)
Press: ? - help, Shift-Dir - straight line, f/p - frost giant
Aim: a frost giant, wielding a +1 battleaxe of freezing and wearing a ring of positive energy (heavily wounded, strong, chance to affect: 24%)
You feel a surge of power!
The ball explodes into a vile cloud!
The stinking cloud engulfs the frost giant but does no damage.
The frost giant is heavily wounded.
You hear a howl!
The frost giant is engulfed in noxious fumes.
Unknown command.
The frost giant is engulfed in noxious fumes.
The frost giant appears confused.
The frost giant says, "I'm a little confused."
The frost giant seems less confused.
Casting: Mephitic Cloud (safe; 1% risk of failure)
Confirm with . or Enter, or press ? or * to list all spells.
Aiming: Mephitic Cloud (safe; 1% risk of failure)
Press: ? - help, Shift-Dir - straight line, f/p - frost giant
Aim: a frost giant, wielding a +1 battleaxe of freezing and wearing a ring of positive energy (moderately wounded, strong, chance to affect: 24%)
You feel a surge of power!
The ball explodes into a vile cloud!
The stinking cloud engulfs the frost giant but does no damage.
The frost giant is moderately wounded.
The frost giant is engulfed in noxious fumes.
Unknown command.
As you read the scroll of teleportation, it crumbles to dust.
You feel strangely unstable.
The frost giant is engulfed in noxious fumes.
The frost giant points at you and mumbles some strange words.
The bolt of cold hits you!!
* * * LOW HITPOINT WARNING * * *
Unknown command.
The frost giant attacks as you move away!
The frost giant barely misses you.
The frost giant is engulfed in noxious fumes.
The frost giant casts a spell at you. The bolt of cold hits you!!!
Ouch! That really hurt!
You die...

#...### ###....### #..####. ##..#
#...###..#####...#.. ###.###
#.### ##...####....# ≈
#..#########...# #..###.###### ≈
##...##..(.....# ##....#....# ≈
#..###...⌠...## ###..#####.## ≈
###..##.....## #≈##......#.. h
###...##########≈≈##.#.##..# ≈
#########@..##≈≈≈≈≈#####.. ~##
### ###.C.#..###≈≈≈≈### ###
~~#####.###○○.####...##.##..####.
#~§##§#.....### ##....#.#.#.#...
###†C#....### ##....#.##..#.#
######### ##############


You could see a frost giant (strong).

Vanquished Creatures
  4 two-headed ogres
  3 death yaks (IceCv)
  A rust devil (D:11)
  Maurice (D:7)
  Maggie (D:8)
  A kobold demonologist (D:10)
  A rime drake (IceCv)
  2 trolls (D:11)
  8 polar bears (IceCv)
  A vampire (D:10)
  2 wyverns
  A shadow (D:9)
  20 yaks
  A neqoxec (D:11)
  A steam dragon (D:9)
  Eustachio (D:5)
  A human (D:9)
  2 water moccasins (D:7)
  5 orc warriors
  An ice beast (D:5)
  18 wolves (IceCv)
  7 centaurs
  2 ogres (D:5)
  2 kobold brigands
  2 bullfrogs
  4 elf zombies (Ossuary)
  2 gnoll sergeants
  3 necrophages
  4 howler monkeys
  A crimson imp (D:10)
  2 quasits
  A jelly (D:8)
  5 centaur zombies (Ossuary)
  3 human zombies (Ossuary)
  A gnoll bouda (D:8)
  4 orc priests
  4 hounds
  2 iguanas
  5 orc wizards
  2 mummies (Ossuary)
  15 gnolls
  4 adders
  2 shadow imps (D:6)
  A white imp (D:7)
  An ufetubus (D:6)
  A worm (D:2)
  4 dart slugs
  29 orcs
  15 bats
  5 endoplasms
  3 giant cockroaches
  8 goblins
  9 hobgoblins
  3 jackals (D:1)
  10 kobolds
  A quokka (D:4)
  8 ball pythons
  4 frilled lizards
  A goblin skeleton (D:9)
  3 rats (D:1)
259 creatures vanquished.

Vanquished Creatures (collateral kills)
  A jelly (D:3)
  A hound (D:3)
  A mummy (Ossuary)
3 creatures vanquished.

Vanquished Creatures (others)
  4 demonic plants (D:11)
  530 foxfires
  A fungus (D:2)
535 creatures vanquished.

Grand Total: 797 creatures vanquished

Notes
Turn   | Place    | Note
-------+----------+-------------------------------------------
     0 | D:1      | pokeman the Deep Elf Hedge Wizard began the quest for the
                  | Orb.
     0 | D:1      | Reached XP level 1. HP: 10/10 MP: 7/7
   425 | D:1      | Reached XP level 2. HP: 15/15 MP: 7/9
   940 | D:1      | Found a faded altar of an unknown god.
   990 | D:1      | Reached skill level 5 in Spellcasting
  1154 | D:1      | Reached XP level 3. HP: 20/20 MP: 9/11
  1158 | D:1      | Learned a level 3 spell: Mephitic Cloud
  1161 | D:1      | Learned a level 2 spell: Call Imp
  1164 | D:1      | Learned a level 2 spell: Blink
  1168 | D:1      | Learned a level 3 spell: Conjure Flame
  1787 | D:2      | Reached skill level 1 in Armour
  1817 | D:2      | Reached skill level 1 in Fighting
  2304 | D:2      | Reached XP level 4. HP: 25/25 MP: 7/13
  3266 | D:3      | Found an opulent altar of Gozag.
  3267 | D:3      | Found a hazy altar of Hepliaklqana.
  3268 | D:3      | Found an ancient bone altar of Kikubaaqudgha.
  3272 | D:3      | Found a bloodstained altar of Trog.
  3505 | D:3      | Reached skill level 6 in Spellcasting
  3505 | D:3      | Reached XP level 5. HP: 3/29 MP: 0/15
  3811 | D:4      | Reached skill level 1 in Transmutations
  4112 | D:4      | Reached skill level 1 in Poison Magic
  4647 | D:5      | Entered Level 5 of the Dungeon
  4664 | D:5      | Found a staircase to the Ecumenical Temple.
  4671 | Temple   | Entered the Ecumenical Temple
  4694 | Temple   | Became a worshipper of Vehumet
  4910 | D:5      | Found a sand-covered staircase.
  4915 | Ossuary  | Entered an ossuary
  4965 | Ossuary  | Reached skill level 1 in Fire Magic
  4971 | Ossuary  | Reached XP level 6. HP: 25/34 MP: 11/17
  4993 | Ossuary  | Reached skill level 7 in Spellcasting
  4993 | Ossuary  | Reached skill level 1 in Air Magic
  5191 | Ossuary  | Reached XP level 7. HP: 36/38 MP: 8/20
  5326 | Ossuary  | Reached skill level 8 in Spellcasting
  5495 | D:5      | Noticed Eustachio
  5511 | D:5      | Killed Eustachio
  5840 | D:5      | Reached skill level 1 in Evocations
  5848 | D:5      | Reached XP level 8. HP: 34/44 MP: 15/22
  5997 | D:5      | Reached skill level 9 in Spellcasting
  6032 | D:5      | Found a shadowy altar of Dithmenos.
  6237 | D:5      | Found a runed translucent gate.
  6237 | D:5      | Found a runed translucent gate.
  6237 | D:5      | Found a runed translucent gate.
  6241 | D:5      | Noticed HypermagicGuardian's ghost (novice MiAK)
  6243 | D:5      | Identified the +4 leather armour of Divine Compulsion
                  | {Slay+2}
  6335 | D:5      | Reached * piety under Vehumet
  6335 | D:5      | Offered knowledge of Freeze by Vehumet.
  6336 | D:5      | Reached skill level 5 in Conjurations
  6691 | D:5      | Found Zilloun's Magic Scroll Boutique.
  6699 | D:5      | Bought a scroll of teleportation for 33 gold pieces
  6699 | D:5      | Bought a scroll of identify for 22 gold pieces
  6699 | D:5      | Bought a scroll of identify for 22 gold pieces
  6843 | D:6      | Reached skill level 10 in Spellcasting
  7400 | D:6      | Reached XP level 9. HP: 48/48 MP: 22/25
  7448 | D:6      | Reached skill level 5 in Fire Magic
  8079 | D:7      | Noticed a troll
  8082 | D:7      | Noticed Juicyj's ghost (novice GnEn)
  8103 | D:7      | Found a transporter.
  8123 | D:7      | Found a transporter.
  8168 | D:7      | Reached skill level 11 in Spellcasting
  8376 | D:7      | Found a hide-covered altar of Uskayaw.
  8937 | D:8      | Noticed Maurice
  8965 | D:7      | Killed Maurice
  9336 | D:8      | Reached skill level 12 in Spellcasting
  9383 | D:8      | Offered knowledge of Foxfire by Vehumet.
  9386 | D:8      | Learned a level 1 spell: Foxfire
  9387 | D:8      | Reached ** piety under Vehumet
  9449 | D:8      | Noticed Maggie
  9472 | D:8      | Killed Maggie
  9607 | D:8      | Found Oqoaceg's Magic Scroll Shop.
  9795 | D:9      | Reached XP level 10. HP: 41/56 MP: 28/28
 10032 | D:9      | Noticed a two-headed ogre
 10044 | D:9      | Killed a two-headed ogre
 10073 | D:9      | Found a runed translucent door.
 10075 | D:9      | Found a basalt altar of Yredelemnul.
 10102 | D:9      | Reached skill level 13 in Spellcasting
 10117 | D:9      | Identified the +1 leather armour "Lunoita" {SInv}
 10672 | D:9      | Found a staircase to the Lair.
 10948 | D:10     | Entered Level 10 of the Dungeon
 11146 | D:10     | Offered knowledge of Static Discharge by Vehumet.
 11242 | D:10     | Found a shimmering altar of Xom.
 11257 | D:10     | Found a burning altar of Makhleb.
 11287 | D:10     | Reached skill level 14 in Spellcasting
 11292 | D:10     | Noticed a two-headed ogre
 11303 | D:10     | Killed a two-headed ogre
 11494 | D:11     | Noticed a two-headed ogre
 11506 | D:11     | Killed a two-headed ogre
 11507 | D:11     | Reached XP level 11. HP: 31/61 MP: 24/31
 11832 | D:11     | Noticed a two-headed ogre
 11841 | D:11     | Killed a two-headed ogre
 11841 | D:11     | Reached *** piety under Vehumet
 11842 | D:11     | Reached skill level 1 in Shields
 12118 | D:11     | Found a staircase to the Orcish Mines.
 12138 | D:11     | Reached skill level 15 in Spellcasting
 12585 | Lair:1   | Entered Level 1 of the Lair of Beasts
 12664 | Lair:1   | Found a frozen archway.
 12673 | IceCv    | Entered an ice cave
 13112 | IceCv    | Noticed a death yak
 13112 | IceCv    | Noticed a death yak
 13134 | IceCv    | Killed a death yak
 13159 | IceCv    | Killed a death yak
 13943 | IceCv    | Offered knowledge of Inner Flame by Vehumet.
 13948 | IceCv    | Reached skill level 16 in Spellcasting
 14631 | IceCv    | Noticed a death yak
 14652 | IceCv    | Reached XP level 12. HP: 21/66 MP: 31/34
 15010 | IceCv    | Killed a death yak
 15081 | IceCv    | Noticed a frost giant
 15109 | IceCv    | Killed from afar by a frost giant

Illustrated notes

Levels and vault maps discovered:
D:1:      zelgadis_glass_arrival_small, layout_loops_cross,
          hellmonk_ecumenical_altar_zigzags
D:2:      layout_loops_ring, minmay_misc_feat_chi, dreamdust_mushroom_princess
D:3:      layout_basic, minitemple
D:4:      layout_loops_ring, minmay_bisected
D:5:      layout_basic, grunt_dithmenos_smoke, nicolae_ossuary_entry_plus,
          serial_shops, shop, biasface_ghost_orc_armoury,
          minmay_misc_feat_columns, uniq_eustachio
D:6:      layout_gridville, serial_rivers, chequers_serial_rivers_small_b,
          chequers_serial_rivers_room_a, chequers_serial_rivers_small_b,
          chequers_serial_rivers_micro_d, chequers_serial_rivers_room_a,
          chequers_serial_rivers_room_a
D:7:      layout_basic, nicolae_uskayaw_dance_hall, gammafunk_ghost_arena,
          lemuel_flamethrower_2
D:8:      layout_cave_pools, serial_shops, shop, uniq_maggie, uniq_maurice
D:9:      layout_roguey, dk_yredelemnul_ordeal, lair_entry_dummy, serial_curves,
          eino_curves_01, eino_curves_02, minmay_misc_feat_cross
D:10:     layout_rooms, grunt_temple_overflow_champion_of_chaos
D:11:     layout_rooms, orc_0_dummy, serial_demonic, serial_demonic_g,
          serial_demonic_a, serial_demonic_b, serial_demonic_a
Temple:   nicolae_temple_god_jail
Lair:1:   layout_regular_city, portal_ice_cave_entry_pillars_1,
          grunt_forest_stairs_basic, grunt_megastairs_5, lemuel_fruit_tree
IceCv:    ice_cave_caverns_02

Skill      XL: |  1  2  3  4  5  6  7  8  9 10 11 |
---------------+----------------------------------+-----
Spellcasting   | 5 6 7 8 10 12 14 16 | 16.7
Armour         | 1 3 4 |  4.0
Fighting       | 1 2 3 4 |  4.0
Conjurations   | 2 3 4 5 7 8 9 |  9.9
Stealth        | 3 4 |  4.0
Dodging        | 3 |  3.0
Transmutations | 1 |  1.0
Poison Magic   | 1 |  1.1
Fire Magic     | 1 2 3 4 6 7 9 |  9.4
Air Magic      | 1 |  1.0
Evocations     | 1 |  1.0
Shields        | 3 |  3.6
Summonings     | |  1.1
Translocations | |  1.1

Action                   |  1- 3 |  4- 6 |  7- 9 | 10-12 || total
-------------------------+-------+-------+-------+-------++-------
Melee: Dagger            |     2 |    46 |    26 |       ||    74
       Rapier            |     6 |       |    25 |       ||    31
       Punch             |       |     3 |     1 |     2 ||     6
       Staff             |       |       |    21 |    69 ||    90
 Fire: Shortbow          |       |       |       |     1 ||     1
 Cast: Magic Dart        |   116 |    93 |   217 |    56 ||   482
       Mephitic Cloud    |       |     2 |    24 |    51 ||    77
       Call Imp          |       |     2 |     1 |     5 ||     8
       Blink             |       |     1 |       |     5 ||     6
       Conjure Flame     |       |     5 |    26 |    47 ||    78
       Foxfire           |       |       |    19 |   270 ||   289
Evoke: Wand              |       |       |       |    14 ||    14
  Use: Scroll            |       |       |    12 |     3 ||    15
 Stab: Confused          |       |     1 |     6 |     4 ||    11
Armor: Leather armour    |    14 |    28 |    15 |    72 ||   129
Dodge: Dodged            |    27 |    46 |    48 |   136 ||   257

Table legend: (Time is in decaauts)
 A = Elapsed time spent in this place.
 B = Non-inter-level travel time spent in this place.
 C = Inter-level travel time spent in this place.
 D = Time resting spent in this place.
 E = Time spent auto-exploring this place.
 F = Levels seen in this place.
 G = Mean time per level.
                   A        B        C        D        E       F      G
               +--------+--------+--------+--------+--------+-----+--------+
         Total |  15150 |  14826 |    324 |   2641 |   9389 |  15 | 1010.0 |
       Dungeon |  12037 |  11729 |    308 |    960 |   8682 |  11 | 1094.3 |
        Temple |     40 |     24 |     16 |      0 |      0 |   1 |   40.0 |
          Lair |     87 |     87 |      0 |     45 |      0 |   1 |   87.0 |
       Ossuary |    531 |    531 |      0 |    219 |    170 |   1 |  531.0 |
      Ice Cave |   2453 |   2453 |      0 |   1417 |    537 |   1 | 2453.0 |
               +--------+--------+--------+--------+--------+-----+--------+

Top non-repeatable levels by time:
   IceCv: 2453 daAuts
     D:5: 1616 daAuts
     D:1: 1375 daAuts
     D:3: 1208 daAuts
     D:7: 1208 daAuts
     D:9: 1203 daAuts
     D:2: 1196 daAuts
    D:10: 1021 daAuts
     D:6: 932 daAuts
     D:4: 866 daAuts
     D:8: 800 daAuts
    D:11: 607 daAuts
 Ossuary: 531 daAuts
  Lair:1: 87 daAuts
  Temple: 40 daAuts
